 Dungeon Crawl Stone Soup version 0.21.0-3-g78d12a8 (webtiles) character file.

263 Ignatius881 the Digger (level 6, 0/32 HPs)
             Began as a Gargoyle Earth Elementalist on Jan 12, 2018.
             Slain by Pikel
             ... wielding a +1 whip of freezing
              (4 damage)
             ... on level 4 of the Dungeon.
             The game lasted 00:10:07 (4533 turns).

Ignatius881 the Digger (GrEE)                       Turns: 4533, Time: 00:10:08

Health: 0/32       AC:  6    Str: 12    XL:     6   Next: 19%
Magic:  11/11      EV: 12    Int: 17    God:
Gold:   137        SH:  0    Dex: 10    Spells: 6/12 levels left

rFire    . . .     SeeInvis .   (no weapon)
rCold    . . .     Gourm    .   (no shield)
rNeg     + . .     Faith    .   c - +0 robe
rPois    ∞         Spirit   .   (no helmet)
rElec    +         Reflect  .   (no cloak)
rCorr    .         Harm     .   (no gloves)
MR       +....                  (no boots)
Stlth    ++........             (no amulet)
HPRegen  0.10/turn              l - ring of protection from magic
MPRegen  0.12/turn              (no ring)

@: no status effects
A: negative energy resistance 1, electricity resistance, unbreathing,
petrification resistance, rot immunity, AC +4
a: no special abilities


You were on level 4 of the Dungeon.
You were not hungry.

You visited 1 branch of the dungeon, and saw 4 of its levels.

You collected 137 gold pieces.

Inventory:

Missiles
 b - 5 stones (quivered)
 q - 24 sling bullets
Armour
 c - a +0 robe (worn)
 k - a +2 large shield
   (You found it on level 2 of the Dungeon)
Jewellery
 l - a ring of protection from magic (left hand)
   (You found it on level 1 of the Dungeon)
Scrolls
 a - 4 scrolls of identify {unknown}
 f - 3 scrolls of teleportation {unknown}
 i - a scroll of noise {unknown}
 m - a scroll of amnesia {unknown}
 n - a scroll of enchant armour {unknown}
 p - 2 scrolls of blinking {unknown}
 r - a scroll of remove curse {unknown}
 s - a scroll of fog {unknown}
Potions
 g - 2 potions of berserk rage {unknown}
 h - a potion of heal wounds {unknown}
 j - a potion of lignification {unknown}
 o - 2 potions of magic {unknown}
Books
 d - a book of Geomancy
Comestibles
 e - 4 rations
 t - 5 chunks of flesh


   Skills:
 - Level 1.5 Dodging
 - Level 2.1 Stealth
 + Level 3.6 Spellcasting
 - Level 0.7 Transmutations
 * Level 7.0 Earth Magic


You had 6 spell levels left.
You knew the following spells:

 Your Spells              Type           Power        Failure   Level  Hunger
a - Sandblast             Erth           ####..       1%          1    None
b - Passwall              Tmut/Erth      ###.......   4%          2    ##.....
c - Stone Arrow           Conj/Erth      ###...       12%         3    ###....


Dungeon Overview and Level Annotations

Branches:
Dungeon (4/15)
 Temple: D:4-7

Altars:
Ashenzari
Makhleb
Nemelex Xobeh
Trog
Xom

Annotations:
D:4 Pikel


Innate Abilities, Weirdness & Mutations

You are resistant to torment.
Your stone body is resilient. (AC +4)
You are immune to poison.
You resist negative energy. (rN+)
You are resistant to electric shocks. (rElec)
You can survive without breathing.
You are immune to petrification.
You are immune to rotting.


Message History

t - 2 chunks of flesh You butcher the gnoll corpse.
t - 5 chunks of flesh (gained 3)
Things that are here:
a halberd; an adder skeleton
Things that are here:
a halberd; an adder skeleton
Things that are here:
a hunting sling; a whip A slave comes into view.
The slave shouts!
The slave moves out of view.
A worker ant comes into view.
You hit the slave but do no damage. The slave hits you but does no damage.
The slave hits you but does no damage.
A scorpion and a slave come into view. 2 slaves come into view.
The slave shouts!
You hear a shout!
The slave hits you.
The scorpion moves out of view.
A quokka and Pikel come into view.
Pikel is wielding a whip of freezing.
Pikel shouts!
You hear a shout!
The slave hits you.
Pikel moves out of view.
The worker ant bites you but does no damage.
The slave barely misses you. The worker ant bites you.
The slave hits you but does no damage. The worker ant barely misses you.
The slave hits you but does no damage.
The worker ant bites you but does no damage.
The slave closely misses you. The slave hits you.
The worker ant closely misses you. The slave misses you.
The worker ant closely misses you. The slave closely misses you.
The slave barely misses you. Pikel barely misses you.
The worker ant barely misses you. The slave hits you but does no damage.
The slave closely misses you. Pikel hits you with a whip of freezing.
* * * LOW HITPOINT WARNING * * *
Pikel freezes you.
* * * LOW HITPOINT WARNING * * *
The worker ant misses you. The slave hits you.
* * * LOW HITPOINT WARNING * * *
Pikel misses you. The worker ant closely misses you.
The slave barely misses you. The worker ant barely misses you.
The slave barely misses you. Pikel hits you but does no damage.
The slave hits you.
* * * LOW HITPOINT WARNING * * *
The slave hits you but does no damage.
The worker ant bites you but does no damage.
The slave hits you but does no damage. Pikel hits you with a whip of freezing.
You die...

# .... #. .... #.
### .....
###.####.# .....
.........# ......
#.###.....###r.....
#.........p.Kp...#
######.....@as...#
#####.....pp....#
#.......#########
#....)).# #.......#
#.....<^# #......)#
#.......# #.......#


You could see Pikel, 4 slaves, a scorpion, a worker ant and a quokka.

Vanquished Creatures
  An orc priest (D:3)
  3 orc wizards (D:3)
  3 gnolls (D:4)
  4 adders
  An ooze (D:1)
  A dart slug (D:2)
  2 leopard geckos
  10 orcs (D:3)
  A ball python (D:1)
  2 giant cockroaches
  5 goblins
  6 hobgoblins
  4 jackals (D:1)
  10 kobolds
  2 quokkas (D:2)
  12 bats
  5 frilled lizards
  6 rats
78 creatures vanquished.

Notes
Turn   | Place    | Note
-------+----------+-------------------------------------------
     0 | D:1      | Ignatius881 the Gargoyle Earth Elementalist began the quest for the Orb.
     0 | D:1      | Reached XP level 1. HP: 10/10 MP: 3/3
   328 | D:1      | Reached skill level 4 in Earth Magic
   432 | D:1      | Reached XP level 2. HP: 15/15 MP: 3/5
   457 | D:1      | Learned a level 2 spell: Passwall
  1110 | D:1      | Reached XP level 3. HP: 19/19 MP: 4/6
  1537 | D:2      | Learned a level 3 spell: Stone Arrow
  1810 | D:2      | Reached skill level 5 in Earth Magic
  2144 | D:2      | Reached XP level 4. HP: 24/24 MP: 5/8
  2349 | D:2      | Found a burning altar of Makhleb.
  2661 | D:2      | Found a shattered altar of Ashenzari.
  2778 | D:2      | Found a bloodstained altar of Trog.
  3008 | D:2      | Noticed a blizzard demon
  3056 | D:3      | Found a sparkling altar of Nemelex Xobeh.
  3313 | D:3      | Found a shimmering altar of Xom.
  3315 | D:3      | Found a shimmering altar of Xom.
  3318 | D:3      | Found a shimmering altar of Xom.
  3318 | D:3      | Found a shimmering altar of Xom.
  3327 | D:3      | Found a shimmering altar of Xom.
  3327 | D:3      | Found a shimmering altar of Xom.
  3328 | D:3      | Found a shimmering altar of Xom.
  3354 | D:3      | Reached XP level 5. HP: 26/28 MP: 1/9
  3629 | D:3      | Reached skill level 6 in Earth Magic
  4125 | D:3      | Reached XP level 6. HP: 32/32 MP: 2/11
  4438 | D:4      | Reached skill level 7 in Earth Magic
  4515 | D:4      | Noticed a slave
  4523 | D:4      | Noticed a slave
  4523 | D:4      | Noticed a slave
  4523 | D:4      | Noticed a slave
  4524 | D:4      | Noticed Pikel
  4533 | D:4      | Slain by Pikel

Skill      XL: |  1  2  3  4  5  6 |
---------------+-------------------+-----
Earth Magic    | 4 5 6 7 |  7.0
Spellcasting   | 3 |  3.6
Dodging        | |  1.5
Stealth        | |  2.1
Transmutations | |  0.7

Action                   |  1- 3 |  4- 6 || total
-------------------------+-------+-------++-------
Melee: Unarmed           |       |     1 ||     1
 Cast: Sandblast         |    40 |    46 ||    86
       Passwall          |     2 |       ||     2
       Stone Arrow       |     7 |    23 ||    30
  Eat: Chunk             |     5 |    10 ||    15
Armor: Robe              |     6 |    14 ||    20
Dodge: Dodged            |    10 |    19 ||    29
